[Event "Polish Youth 1st League 2022"]
[Site "Lublin"]
[Date "2022.06.29"]
[Round "5.19"]
[White "Wieczorek, Mikolaj"]
[Black "Luczak, Filip"]
[Result "0-1"]
[ECO "B12"]
[WhiteElo "1942"]
[BlackElo "2311"]
[Annotator "TA"]
[PlyCount "120"]
[EventDate "2022.06.24"]
[EventType "team-tourn"]
[EventCountry "POL"]
[SourceTitle "playchess.com"]
[Source "ChessBase"]
[SourceQuality "1"]
[TimeControl "40/5400+30:1800+30"]

1. e4 c6 2. d4 Qa5+ 3. Bd2 Qb6 4. Nf3 Qxb2 5. Bc4 Qb6 $1 (5... Qxa1 $2 6. Bc3 Qxc3+ 7. Nxc3 $18) 6. O-O {[%emt 0:03:39][%mdl 1024] White wants to play Ne5. White has compensation. B12: Caro-Kann: Advance Variation.} e6 7. Re1 {[%emt 0:02:33] [#]} Be7 $146 ({Predecessor:} 7... Nf6 8. Nc3 Be7 9. Qe2 d6 10. e5 dxe5 11. Rab1 Qd8 12. Nxe5 O-O 13. Ne4 Qxd4 {1-0 (40) Karimi,F (2122)-Lukovski,L (2007) Cologne 2004}) 8. e5 {[%emt 0:19:38] White is slightly better.} Qc7 (8... d5 $11 {keeps the balance.} 9. exd6 Bxd6) 9. Nc3 $16 d5 10. exd6 $1 Qxd6 (10... Bxd6 $14 11. Ne4 Nf6) 11. Ne4 $18 Qd8 12. Bf4 $2 ({White must play} 12. Ne5 $1 $18) 12... Nf6 13. Ne5 O-O 14. Bd3 Nxe4 15. Bxe4 Nd7 16. Nxd7 (16. Qh5 f5 17. Nxd7 Qxd7 $17) (16. c3 {looks sharper.} Nxe5 17. Bxe5 Bd6 18. Qh5) 16... Bxd7 17. Qf3 f5 18. Bd3 Bf6 19. Bc4 Kh8 20. Rad1 Re8 21. Bb3 Rc8 22. Bd6 Qa5 23. Qe3 Rg8 24. c4 (24. Bxe6 Rge8 25. Qb3 (25. Bxd7 $2 Rxe3 26. Rxe3 Rd8 $19) 25... Bxd4 $1 $17) 24... Rce8 25. c5 Bc8 26. Qf3 (26. Re2 $14) 26... Bxd4 $1 $11 27. h4 (27. g4 $11 {remains equal.}) 27... Bf6 ({Of course not} 27... Bxc5 $6 28. Re5 b6 29. Bxc5 bxc5 30. Qxc6 $11) (27... Qc3 $1 $17 {Strongly threatening ...Qxf3.} 28. Qxc3 Bxc3) 28. h5 Qb4 29. Re2 a5 (29... g6 $15) 30. Rc1 (30. Rc2 $1 $11) 30... Qa3 $17 31. Rce1 a4 32. Bc2 Qxf3 ({But not} 32... Qxa2 $6 33. Bxf5 Qd5 34. Be4 $11) 33. gxf3 g6 34. h6 Rd8 {[%emt 0:00:59] ...b5 is the strong threat.} 35. Bxa4 Rge8 36. Bb3 Kg8 (36... Bg5 $5 ) 37. f4 Kf7 38. Kg2 Bc3 39. Rc1 Bf6 40. Rce1 g5 41. fxg5 Bxg5 42. f4 Bh4 43. Rh1 Rg8+ 44. Kf1 Rg4 {[%emt 0:02:31][%cal Ob7b6] White must now prevent ...b6!} 45. Rg2 Rxg2 46. Kxg2 Be7 47. Bxe7 Kxe7 $15 {[%emt 0:00:14][%mdl 4096] Endgame KRB-KRB} 48. Rh5 Rg8+ 49. Rg5 Rxg5+ 50. fxg5 $11 {[%emt 0:00:04][%cal Og5g6] And now g6! would win. KB-KB} Kf7 51. Kf3 Kg6 $1 52. Kf4 e5+ 53. Kxe5 Kxg5 {[%emt 0:00:06] aiming for ...f4.} 54. Kd6 $2 (54. a4 $15) 54... f4 $19 55. Kc7 {[%emt 0:00:34] [#]} Bg4 56. Bc4 {[%emt 0:00:06] Against Be2} Bd1 {[%emt 0:00:45] Threatens to win with ...f3.} 57. Kxb7 {[%emt 0:01:38] [#]} f3 $1 {[%emt 0:00:11] Black mates.} 58. Kxc6 Be2 59. Be6 f2 60. Bh3 Kh4 {[%emt 0:00:11] What a bad dream for White.  Weighted Error Value: White=0.56/Black=0.12 (very precise)} 0-1

[Event "Polish Youth 1st League 2022"]
[Site "Lublin"]
[Date "2022.06.29"]
[Round "5.20"]
[White "Bachor, Tomasz"]
[Black "Bednarczyk, Mateusz"]
[Result "1-0"]
[ECO "D00"]
[WhiteElo "1971"]
[BlackElo "1701"]
[Annotator "TA"]
[PlyCount "120"]
[EventDate "2022.06.24"]
[EventType "team-tourn"]
[EventCountry "POL"]
[SourceTitle "playchess.com"]
[Source "ChessBase"]
[SourceQuality "1"]
[TimeControl "40/5400+30:1800+30"]

1. d4 d5 2. Bf4 Nf6 3. e3 e6 4. Nd2 Be7 5. h3 O-O 6. Ngf3 c5 7. c3 Nc6 {[%emt 0:00:05] The main line 7...Nc6 scores better than 7...b6.} 8. Be2 {[%emt 0:02:18] D02: 1 d4 d5 2 Nf3 sidelines, including 2...Nf6 3 g3 and 2...Nf6 3 Bf4.} Nd7 9. O-O f6 {[%emt 0:01:33] [#]} 10. e4 $146 {[%emt 0:11:15] White is slightly better.} ({Predecessor:} 10. Bh2 e5 11. c4 dxc4 12. Nxc4 e4 13. Nfd2 cxd4 14. Nxe4 dxe3 15. Qd5+ Kh8 16. Ned6 Bxd6 17. Nxd6 exf2+ 18. Rxf2 {0-1 (51) Dos Santos,H (2253)-Ferreira,E (2040) Sao Jose dos Pinhais 2010}) 10... dxe4 11. Nxe4 f5 (11... Kh8 $14) 12. Nxc5 $16 Nxc5 13. dxc5 Bxc5 14. Qxd8 (14. Qc2 $142) 14... Rxd8 15. Bc4 h6 {[%emt 0:10:07] Prevents Ng5.} 16. Rfe1 ({Better is} 16. Bc7 $16) 16... Re8 (16... Bd6 $14 17. Be5 Kf7) 17. Rad1 Kh7 18. Bd6 $36 {[%emt 0:03:58][%mdl 2048] White is on the roll.} Bb6 19. Ne5 Nxe5 20. Rxe5 Rd8 {[%emt 0:12:13] ...Bc7 is the strong threat.} 21. Bxe6 Bc7 22. Bxc8 {[%emt 0:00:40] White is much more active.} Raxc8 23. Red5 Bxd6 24. Rxd6 Rxd6 25. Rxd6 {[%emt 0:00:04][%mdl 4096] Endgame KR-KR} Rc7 26. Kf1 Re7 27. Rd3 f4 28. Rd1 Kg6 29. Re1 Rd7 30. Ke2 {[%emt 0:00:30] Prevents Rd2+.} Kf5 {[%emt 0:00:25] [#]} (30... h5 $16 {was called for.}) 31. Rd1 $1 $18 f3+ 32. gxf3 Re7+ 33. Kf1 Kf4 34. Kg2 Re2 35. Rd4+ Kf5 36. Rb4 b6 37. Kg3 g5 {[%emt 0:02:35] [#]} (37... Rc2 $16 {was worth a try.} 38. h4 Rc1 39. Rf4+ Ke6 40. Re4+ Kf7) 38. f4 $1 Kg6 39. fxg5 hxg5 40. Kf3 Re1 41. h4 gxh4 42. Rxh4 Re5 43. Ra4 Rf5+ 44. Ke3 Re5+ 45. Kd3 Rd5+ 46. Kc2 a5 (46... Rd7 {is a better chance.} 47. Rf4 Kg5) 47. Rd4 Rf5 48. Rd6+ Kf7 49. Rxb6 Rxf2+ 50. Kb3 Ke7 51. Ka4 Kd7 52. Kxa5 Kc7 53. a4 Rf4 54. Rh6 Kb7 55. Rh7+ (55. b4 $142 Rf8 56. b5 Ra8+ 57. Kb4 Kc7 58. Rh7+ Kd6 59. b6 Rf8 60. b7) 55... Kb8 56. b4 {[%emt 0:00:09] White mates.} Rc4 57. Kb6 Rxc3 58. Rh8+ Rc8 59. Rxc8+ Kxc8 60. Ka7 Kc7 {[%emt 0:00:03] Weighted Error Value: White=0.07 (flawless) /Black=0.47} 1-0

[Event "Polish Youth 1st League 2022"]
[Site "Lublin"]
[Date "2022.06.29"]
[Round "5.21"]
[White "Nagly, Wojciech"]
[Black "Cieslak, Patryk"]
[Result "0-1"]
[ECO "A40"]
[WhiteElo "1464"]
[BlackElo "2019"]
[Annotator "NA RC"]
[PlyCount "176"]
[EventDate "2022.06.24"]
[EventType "team-tourn"]
[EventCountry "POL"]
[SourceTitle "playchess.com"]
[Source "ChessBase"]
[SourceQuality "1"]
[TimeControl "40/5400+30:1800+30"]

1. d4 g6 2. Nf3 Bg7 3. e3 d6 4. Be2 Nd7 5. O-O e5 6. c4 Ne7 7. Nc3 O-O 8. Qc2 c6 9. b3 exd4 10. exd4 Nf6 11. Bb2 Bf5 12. Bd3 Bg4 13. Nd2 Qd7 14. Rfe1 Rfe8 15. Nde4 Nxe4 16. Nxe4 Bf5 17. Ng3 Bxd3 18. Qxd3 d5 19. Rad1 h5 20. Ba3 h4 21. Rxe7 Rxe7 22. Bxe7 hxg3 23. Bh4 gxh2+ 24. Kxh2 Re8 25. Bg5 Qg4 26. Be3 Re4 27. cxd5 Qh5+ 28. Kg1 Rh4 29. f3 Qxd5 30. Bf2 Rf4 31. Be3 Rh4 32. Bf2 Rf4 33. Be3 Rf6 34. Qc4 Rd6 35. Qxd5 Rxd5 36. Rd2 Kf8 37. Kf2 Ke7 38. Ke2 Ke6 39. a4 b6 40. Kd3 Rh5 41. Rc2 Kd5 42. a5 Rh1 43. axb6 axb6 44. Rd2 Rh4 45. Bf2 Rh1 46. Be3 Ra1 47. Ke2 Rb1 48. Rd3 Rb2+ 49. Kf1 Rc2 50. g3 Bf8 51. Ke1 Bb4+ 52. Kd1 Rc3 53. Ke2 Rc2+ 54. Kd1 Rg2 55. g4 Ra2 56. Kc1 Be7 57. Rd2 Ra1+ 58. Kc2 Bb4 59. Rf2 Re1 (59... b5 $142 60. Re2 Rf1) 60. Kd3 (60. Bd2 $17 Bxd2 61. Rxd2) 60... c5 61. Re2 (61. Rc2 $142 cxd4 62. Bd2 Bxd2 63. Kxd2) 61... Rxe2 62. Kxe2 {[%emt 0:00:01] [#]} cxd4 $2 ({Black should try} 62... c4 $1 $19 63. bxc4+ Kxc4) 63. Bf4 Kc5 (63... Bd6 $15 64. Bd2 Ke5) 64. Kd3 Bc3 65. Bc7 b5 66. Bd8 $2 (66. Kc2 $1 $11) 66... Kb4 67. Kc2 Ka3 68. Be7+ b4 69. f4 f6 $19 70. g5 f5 71. Bf6 d3+ 72. Kxd3 Kxb3 73. Be5 Bb2 74. Kd2 Ka2 75. Kd3 Bxe5 76. fxe5 b3 77. e6 b2 78. Kd4 b1=Q 79. Ke5 Qb8+ 80. Kf6 Qe8 81. Ke5 Kb3 82. Kf6 f4 83. e7 f3 84. Kg7 f2 85. Kh6 f1=Q 86. Kg7 Qxe7+ 87. Kxg6 Qff7+ 88. Kh6 Qef8# 0-1

[Event "Polish Youth 1st League 2022"]
[Site "Lublin"]
[Date "2022.06.29"]
[Round "5.22"]
[White "Brzezina, Piotr"]
[Black "Gibala, Adam"]
[Result "1-0"]
[ECO "E12"]
[WhiteElo "1633"]
[BlackElo "1516"]
[Annotator "NA RC"]
[PlyCount "123"]
[EventDate "2022.06.24"]
[EventType "team-tourn"]
[EventCountry "POL"]
[SourceTitle "playchess.com"]
[Source "ChessBase"]
[SourceQuality "1"]
[TimeControl "40/5400+30:1800+30"]

1. d4 Nf6 2. c4 e6 3. Nf3 b6 4. a3 Bb7 5. Nc3 Be7 6. Bf4 O-O 7. e3 d5 8. cxd5 exd5 9. Be2 c5 10. dxc5 bxc5 11. O-O Nbd7 12. Rc1 Nb6 13. Qc2 Qc8 14. h3 Ba6 15. Rfd1 Bxe2 16. Qxe2 Qb7 17. Ne5 Rac8 18. Qf3 Rfd8 19. Bh2 Bd6 20. g4 Re8 21. Nd3 Bxh2+ 22. Kxh2 Ne4 23. Nf4 Rcd8 24. Nfe2 Qb8+ 25. Kg1 Qe5 26. Qf4 Qe7 27. Nxe4 dxe4 28. Nc3 Rxd1+ 29. Rxd1 h6 30. Nd5 Nxd5 31. Rxd5 Qb7 32. Re5 Rc8 33. Qxe4 Qxb2 34. Re8+ Rxe8 35. Qxe8+ Kh7 36. Qe4+ g6 37. Qe7 Qc1+ 38. Kg2 Qc4 39. Qxa7 Qd5+ 40. Kf1 Kg7 41. a4 Qd1+ 42. Kg2 c4 43. Qa5 Qd3 44. Qe5+ Kh7 45. Qc7 Qd5+ 46. Kg3 Kg7 47. a5 h5 48. a6 h4+ 49. Kxh4 Qf3 50. Qf4 Qxf4 51. exf4 c3 52. a7 c2 53. a8=Q c1=Q 54. Kg3 Qg1+ 55. Qg2 Qc1 56. Qf3 Qg1+ 57. Kh4 Qe1 58. Qe3 Qd1 59. Qe5+ Kg8 60. f5 Qd2 61. fxg6 f6 62. Qe8+ 1-0

[Event "Polish Youth 1st League 2022"]
[Site "Lublin"]
[Date "2022.06.29"]
[Round "5.23"]
[White "Starosta, Martyna"]
[Black "Hertlein, Irena"]
[Result "0-1"]
[ECO "B36"]
[WhiteElo "1918"]
[BlackElo "1873"]
[Annotator "TA"]
[PlyCount "90"]
[EventDate "2022.06.24"]
[EventType "team-tourn"]
[EventCountry "POL"]
[SourceTitle "playchess.com"]
[Source "ChessBase"]
[SourceQuality "1"]
[TimeControl "40/5400+30:1800+30"]

1. e4 c5 2. Nf3 Nc6 3. d4 cxd4 4. Nxd4 g6 5. c4 Nf6 6. Nc3 d6 7. Be2 Nxd4 8. Qxd4 Bg7 9. Be3 O-O 10. Qd2 a5 {[%emt 0:00:16][%cal Ba7a5,Ba5a4][%mdl 32] B36: Sicilian: Maroczy Bind: Gurgenidze System.} 11. O-O a4 12. Rad1 {[%emt 0:00:11] Recently 12.Bd4 got a lot of attention.} Be6 {[%emt 0:00:23] White is slightly better.} 13. f4 Qa5 {[%emt 0:03:42] Inhibits f5.} 14. Bd4 Rfc8 {[%emt 0:06:29] [#]} 15. b3 axb3 16. axb3 Qb4 17. f5 Bd7 {[%emt 0:13:21] [#]} 18. g4 $146 (18. Bxf6 $16 Bxf6 19. Nd5 Qxd2 20. Nxf6+ exf6 21. Rxd2) ({Predecessor:} 18. Bxf6 Bxf6 19. Nd5 Qxd2 20. Nxf6+ exf6 21. Rxd2 Bc6 22. fxg6 hxg6 23. Rxf6 Bxe4 24. Rfxd6 {1-0 (52) Tari,A (2660)-Mekhitarian,K (2562) Chess.com INT 2022}) 18... Bc6 $15 (18... Qxb3 19. Rb1 Qa3 20. g5 (20. Rxb7 Rcb8 $11) 20... Nxe4 21. Nxe4 Bxf5 22. Ra1 $14 (22. Rxb7 Bxe4 23. Rxe7 Re8 $11)) 19. Qf4 Rf8 20. Qf3 $2 (20. g5 $11 {and White has nothing to worry.} Nh5 21. Qe3 (21. Bxh5 $2 Bxd4+ 22. Rxd4 Qxc3 $19) 21... Bxd4 22. Qxd4) 20... Nxg4 $1 $19 (20... Qxb3 21. Nd5 Qxf3 22. Nxe7+ Kh8 23. Bxf3 $14 (23. Rxf3 Nxe4 24. f6 Bh6 $11)) 21. fxg6 (21. Bxg7 {might work better.} Kxg7 22. Nd5 Bxd5 23. Rxd5 (23. Qxg4 $2 Bc6 $19)) 21... Bxd4+ 22. Rxd4 hxg6 {[%emt 0:14:53] Dancing on a razor blade.} 23. Qxg4 $2 (23. Nd5 {only move.} Bxd5 24. Rxd5) 23... Qb6 (23... Qxc3 $2 24. Rd3 Qb2 25. Re3 $19) 24. Rfd1 {[%emt 0:06:11] Nd5 is the strong threat.} e5 {[%emt 0:00:06][%mdl 64] Pin} 25. Nd5 ({But not} 25. c5 Qxc5 26. b4 Qb6 $19) 25... Bxd5 26. exd5 exd4 27. Bd3 Kg7 ({Not} 27... Qxb3 $2 28. Bxg6 Qe3+ 29. Kh1 $19) 28. Rf1 Rae8 {[%emt 0:00:58] Strongly threatening ...Re3.} 29. Rf3 $2 (29. Qg5 Qxb3 30. Qf6+ Kh7 31. Rf4 Qd1+ 32. Bf1) 29... Qa7 30. Rh3 Re3 (30... Re1+ $142 31. Bf1 d3+ 32. Kg2 Qa2+ 33. Kg1 d2) 31. Bxg6 fxg6 32. Qd7+ Rf7 33. Rh7+ Kxh7 34. Qxf7+ Kh8 35. Qf8+ Kh7 36. Qf7+ Kh6 {[%emt 0:00:37] Black mates.} 37. Qf8+ Kh5 38. Qh8+ Kg4 39. Qc8+ Kf4 40. Qf8+ {[%emt 0:00:00] [#]} Ke4 $1 41. Qe8+ Kf3 42. Qf7+ Ke2 43. Qf2+ Kd1 44. Qb2 Re1+ 45. Kf2 d3+ {[%emt 0:00:08] Weighted Error Value: White=1.07/Black=0.61} 0-1

[Event "Polish Youth 1st League 2022"]
[Site "Lublin"]
[Date "2022.06.29"]
[Round "5.24"]
[White "Duda, Aleksandra"]
[Black "Kulczycka, Zofia"]
[Result "1/2-1/2"]
[ECO "D02"]
[WhiteElo "1453"]
[BlackElo "1564"]
[Annotator "NA RC"]
[PlyCount "92"]
[EventDate "2022.06.24"]
[EventType "team-tourn"]
[EventCountry "POL"]
[SourceTitle "playchess.com"]
[Source "ChessBase"]
[SourceQuality "1"]
[TimeControl "40/5400+30:1800+30"]

1. d4 Nf6 2. Bf4 d5 3. Nf3 e6 4. e3 c5 5. c3 Bd6 6. Bg3 O-O 7. Bd3 Qc7 8. O-O Nbd7 9. Nbd2 e5 10. dxe5 Nxe5 11. Nxe5 Bxe5 12. Bxe5 Qxe5 13. Nf3 Qh5 14. c4 b6 15. Qb3 Bb7 16. Be2 Qh6 17. Rfd1 dxc4 18. Qxc4 Rad8 19. b4 cxb4 20. Qxb4 Nd5 21. Qb3 Qg6 22. Rac1 Qe4 23. Rd4 Qe7 24. Rcd1 Nf6 25. h3 h6 26. Nh4 Be4 27. Bf3 Bh7 28. g3 Rc8 29. Rc4 Rc5 30. Rxc5 Qxc5 31. Rd4 Qc1+ 32. Qd1 Qxd1+ 33. Rxd1 g5 34. Ng2 Rc8 35. Ne1 Rc3 36. a4 Ra3 37. Bc6 Ne4 38. Rd4 Nc5 39. e4 Ra1 40. Kf1 Kg7 41. Ke2 Ra2+ 42. Kf3 Ra3+ 43. Kg2 Rc3 44. Bd5 Ra3 45. Bc6 Rc3 46. Bd5 Ra3 1/2-1/2

[Event "Polish Youth 1st League 2022"]
[Site "Lublin"]
[Date "2022.06.29"]
[Round "5.25"]
[White "Wojdak, Jan"]
[Black "Klim, Filip"]
[Result "1-0"]
[ECO "D31"]
[WhiteElo "2144"]
[BlackElo "2015"]
[Annotator "TA"]
[PlyCount "77"]
[EventDate "2022.06.24"]
[EventType "team-tourn"]
[EventCountry "POL"]
[SourceTitle "playchess.com"]
[Source "ChessBase"]
[SourceQuality "1"]
[TimeControl "40/5400+30:1800+30"]

1. d4 d5 2. c4 e6 3. Nc3 a6 4. cxd5 exd5 5. g3 Nf6 6. Bg2 {[%emt 0:00:11] D31: Queen's Gambit Declined: Semi-Slav without ...Nf6 (+ Marshall Gambit and Noteboom) and Exchange Variation lines without ...Nf6.} Be7 {[%emt 0:01:57] [#]} 7. Nh3 $146 ({Predecessor:} 7. Bg5 Be6 8. Nf3 Nbd7 9. O-O O-O 10. Ne5 c6 11. Nxd7 Qxd7 12. a3 Bh3 13. e3 Bxg2 14. Kxg2 {0-1 (51) King,A (2276)-Sevian,S (2647) Chess.com INT 2021}) 7... O-O 8. O-O {[%emt 0:00:33] The position is equal.} Re8 9. Kh1 c6 10. f3 b5 ({Better is} 10... c5 $1 $15) 11. a3 (11. Nf2 $14) 11... Ra7 12. Nf4 c5 (12... a5 $11) 13. dxc5 $14 d4 14. Ne4 Nxe4 15. fxe4 Bxc5 16. Nd5 Be6 17. b4 {[%emt 0:00:30] White is more active.} Bb6 18. Bf4 Nc6 19. Rc1 (19. a4 $1 $14) 19... Bxd5 (19... Ne7 $5 20. Bg5 f6 21. Bxf6 gxf6 22. Nxf6+ Kh8 $11) 20. exd5 Ne5 21. Bxe5 Rxe5 22. Rc6 Rd7 $2 {[%emt 0:00:30] [#]} (22... g6 $16 {was worth a try.}) 23. Bh3 $1 $18 Rexd5 (23... Rdxd5 $2 24. Rc8 $18) 24. Bxd7 Rxd7 25. Qd3 Re7 26. Qf3 h6 27. Rfc1 {[%emt 0:02:18] [#] aiming for Rc8.} Kh7 28. Qf5+ g6 29. Qf3 f5 $2 (29... Bc7 30. Rxa6 Be5) 30. Rc8 Qd6 31. R1c6 Qd7 32. Rc1 $2 $40 {[%emt 0:03:47][%mdl 128] White is up to no good.} ({Don't do} 32. Qb3 Bd8 33. Rc5 (33. Qa2 d3 $16) 33... Rg7) ({White should play} 32. g4 $18 {Hoping for gxf5.} Rf7 33. gxf5 Rxf5 34. Qe4) 32... d3 $2 (32... Qd6 $1 $11 {and Black is okay.}) 33. Qxd3 Bd4 (33... Qb7+ $142 34. Qf3 Qd7) 34. R8c7 {[%emt 0:00:49] White is clearly winning.} Qd5+ 35. Qf3 (35. e4 $142 Qf7 36. Rxe7 (36. Qxd4 Rxc7 37. Rxc7 Qxc7 $11) 36... Qxe7 37. Qxd4) 35... Qd6 36. Qc6 Qxc6+ 37. R1xc6 Rxc7 38. Rxc7+ Kg8 39. Rc6 {[%emt 0:00:08][%csl LRa6,LRg6] Weighted Error Value: White=0.36/Black=0.45} 1-0

[Event "Polish Youth 1st League 2022"]
[Site "Lublin"]
[Date "2022.06.29"]
[Round "5.26"]
[White "Bartodziej, Bartosz"]
[Black "Jendrowiak, Maciej"]
[Result "1-0"]
[ECO "C50"]
[WhiteElo "1902"]
[BlackElo "1713"]
[Annotator "TA"]
[PlyCount "81"]
[EventDate "2022.06.24"]
[EventType "team-tourn"]
[EventCountry "POL"]
[SourceTitle "playchess.com"]
[Source "ChessBase"]
[SourceQuality "1"]
[TimeControl "40/5400+30:1800+30"]

1. e4 e5 2. Nf3 Nc6 3. Bc4 Bc5 4. d3 d6 5. c3 Bb6 6. O-O {[%emt 0:00:47] C50: Hungarian Defence and Giuoco Pianissimo.} h6 7. Bb3 {[%emt 0:25:28] 7.b4 is setting a new trend.} Nge7 8. Nbd2 {[%emt 0:04:00] White has an edge.} O-O 9. Nc4 {[%emt 0:01:19] [#]} Ng6 $146 ({Predecessor:} 9... Kh8 10. h3 f5 11. Nxb6 axb6 12. Ng5 d5 13. exd5 Nxd5 14. Qh5 Kg8 15. Nf3 Kh7 {0-1 (55) Grimaldi,A (2053)-Lain,L (2254) Civitanova Marche 2021}) 10. Nxb6 axb6 11. h3 Kh8 12. d4 f5 13. exf5 Bxf5 14. dxe5 Ngxe5 15. Nxe5 Nxe5 16. Be3 Qh4 {[%emt 0:01:11][%cal Of5h3] aiming for ...Bxh3!} 17. f4 $1 Nd3 18. Qd2 $1 Rae8 19. Bc2 (19. Bc4 $11 Nc5 20. Bxc5 bxc5 21. Rae1) 19... Qg3 (19... Nxb2 $15 20. Bf2 Nc4) 20. Rf3 $11 Qg6 21. Bxd3 (21. Bxb6 $5 Nxb2 22. Bxf5 Rxf5 23. Qxb2 cxb6 24. Qxb6 $14) 21... Bxd3 22. Qf2 (22. Kh2 $5 ) 22... Be4 23. Rg3 Qf5 24. Rf1 c5 25. Qd2 Rd8 26. b4 Rfe8 27. Rd1 Qe6 28. Kh2 Qc4 $2 {[%emt 0:00:27][%mdl 8192] [#]} (28... Kh7 $11) 29. f5 $1 $18 Kh7 {[%emt 0:01:05][%mdl 8192] [#] This costs Black the game.} (29... Bxf5 $16 30. Bxh6 g6) 30. Bxh6 $1 Rg8 {[%emt 0:12:11] [#]} (30... Qf7 31. Rxg7+) 31. Bxg7 $1 Rxg7 32. Rxg7+ {[%emt 0:00:01][%mdl 64] Remove Defender} Kxg7 33. Qg5+ Kf7 34. Qxd8 {[%emt 0:00:06][%mdl 4096] Endgame KQR-KQB} Qe2 35. Qd7+ Kf6 36. Rxd6+ Ke5 37. Qe7+ Kf4 38. Qh4+ Ke5 39. Qg3+ Kxf5 40. Qg4+ (40. Qg6+ $142 Kf4 41. Qh6+ Kf5 42. Qf6#) 40... Ke5 41. Qxe2 {[%emt 0:00:08] Weighted Error Value: White=0.10 (very precise) /Black=0.72} 1-0

[Event "Polish Youth 1st League 2022"]
[Site "Lublin"]
[Date "2022.06.29"]
[Round "5.27"]
[White "Wierzbicki, Dawid"]
[Black "Nawalaniec, Adam"]
[Result "1/2-1/2"]
[ECO "C00"]
[WhiteElo "1556"]
[BlackElo "1740"]
[Annotator "NA RC"]
[PlyCount "106"]
[EventDate "2022.06.24"]
[EventType "team-tourn"]
[EventCountry "POL"]
[SourceTitle "playchess.com"]
[Source "ChessBase"]
[SourceQuality "1"]
[TimeControl "40/5400+30:1800+30"]

1. e4 e6 2. c4 d5 3. exd5 exd5 4. d4 Nf6 5. Nf3 Bb4+ 6. Bd2 Qe7+ 7. Be2 O-O 8. O-O Re8 9. Ne5 Bxd2 10. Nxd2 dxc4 11. Ndxc4 Be6 12. Bf3 c6 13. Qc2 Na6 14. a3 Bd5 15. Rfe1 Rad8 16. Rad1 Nc7 17. Re3 Ne6 18. h3 Qc7 19. b4 Bxf3 20. Nxf3 Nd5 21. Re4 Nef4 22. Rde1 Qd7 23. Ng5 Ng6 24. Rxe8+ Rxe8 25. Rxe8+ Qxe8 26. Qf5 h6 27. Ne4 Nge7 28. Qe5 Qd8 29. Ncd6 Qc7 30. Ng3 Ng6 31. Qe8+ Nf8 32. Ngf5 Qd7 33. Qe5 Ne6 34. Ne4 Qc7 35. Ned6 Qd7 36. b5 Kf8 37. bxc6 Qxc6 38. Ne4 Qc1+ 39. Kh2 Qf4+ 40. Qxf4 Ndxf4 41. Ned6 g6 42. Nxh6 Nxd4 43. Nxb7 f5 44. Nd6 Nd3 45. Kg1 Ne5 46. f4 Ne2+ 47. Kf1 Nxf4 48. a4 Kg7 49. Nhxf5+ gxf5 50. Nxf5+ Kf6 51. Nd4 Nd5 52. Nb5 a5 53. Nd6 Nb6 1/2-1/2

[Event "Polish Youth 1st League 2022"]
[Site "Lublin"]
[Date "2022.06.29"]
[Round "5.28"]
[White "Kowalski, Witold"]
[Black "Oles, Mateusz"]
[Result "1-0"]
[ECO "B71"]
[WhiteElo "1613"]
[BlackElo "1201"]
[Annotator "NA RC"]
[PlyCount "95"]
[EventDate "2022.06.24"]
[EventType "team-tourn"]
[EventCountry "POL"]
[SourceTitle "playchess.com"]
[Source "ChessBase"]
[SourceQuality "1"]
[TimeControl "40/5400+30:1800+30"]

1. e4 c5 2. Nf3 d6 3. d4 cxd4 4. Nxd4 Nf6 5. Nc3 g6 6. f4 Bg7 7. e5 dxe5 8. fxe5 Ng8 9. Bb5+ Bd7 10. Qe2 Bxb5 11. Qxb5+ Qd7 12. Bf4 a6 13. Qxd7+ Nxd7 14. Nd5 Rc8 15. e6 Ne5 16. O-O-O Bh6 17. Rhf1 f5 18. Kb1 Bxf4 19. Rxf4 Nf6 20. Nc3 O-O 21. h3 b5 22. a3 Nc4 23. Ka2 Rc7 24. g4 fxg4 25. hxg4 Ne3 26. Rg1 Rfc8 27. g5 Nfd5 28. Nxd5 Nxd5 29. Rf7 b4 30. Rh1 h5 31. gxh6 bxa3 32. Kxa3 Rc5 33. b3 R5c7 34. Rg1 Nf6 35. Rxg6+ Kh8 36. Rgxf6 exf6 37. e7 Rc3 38. Rf8+ Kh7 39. e8=Q Rxe8 40. Rxe8 Kxh6 41. Re6 Kg5 42. Rxa6 Rc8 43. Ra5+ Kg6 44. c4 Rf8 45. Kb4 f5 46. Rxf5 Rd8 47. Rd5 Rb8+ 48. Nb5 1-0